AoeStats
← CHRIS

Arabia

508038721Analyzed
1v1 RM · 13d ago on Sep 20, 2026· 48m 50s· 2 players
Game mode
Random Map
Map size
Tiny (2 player)
Population
200
Speed
Normal
Resources
Standard
Victory
Conquest
Starting age
Dark Age
Ending age
Imperial Age
RankedLock teamsTeams togetherTeam positionsShared explorationLock speedFull tech treeHidden civsTurbo modeCheats
Victory
Defeat
🇨🇱 Franks · Chile
1261
+16
🇺🇸 Khmer · United States
1268
-16
cgacitua317
8:10 Loom
10:17 Feudal Age
8:35 Loom
14:12 Forging
15:13 Scale Barding Armor
16:52 Wheelbarrow
21:04 Castle Age
19:07 Double-Bit Axe
23:22 Hand Cart
23:20 Bow Saw
30:24 Devotion
30:16 Gold Mining
31:53 Chain Barding Armor
35:37 Imperial Age
35:37 Iron Casting
35:50 Cavalier
37:33 Blast Furnace
37:08 Plate Barding Armor
36:22 Town Watch
38:21 Paladin
39:02 Husbandry
39:30 Fletching
41:04 Bodkin Arrow
42:03 Gold Shaft Mining
41:24 Stone Mining
42:45 Ballistics
42:40 Masonry
43:08 Town Patrol
46:13 Padded Archer Armor
46:44 Conscription
46:59 Hoardings
47:40 Architecture
47:16 Siege Engineers
48:13 Chemistry
47:16 Murder Holes
47:31 Fortified Wall
CHRIS
6:07 Loom
9:00 Feudal Age
10:08 Double-Bit Axe
16:08 Forging
19:52 Town Watch
24:41 Castle Age
25:11 Bloodlines
24:55 Horse Collar
25:10 Gold Mining
25:33 Husbandry
25:42 Scale Barding Armor
30:14 Chain Barding Armor
32:48 Devotion
33:54 Wheelbarrow
35:14 Iron Casting
40:10 Imperial Age
39:55 Hand Cart
39:36 Town Watch
40:29 Elite Battle Elephant
48:08 Plate Barding Armor
Connection lost

Rejoining the realm…

Still unreachable

The connection could not be restored.

Session expired

The server has moved on; the page needs a fresh start.